| TOP OF THE 1ST |
|
Wisconsin Timber Rattlers batting - Pitching for Atlanta (MID) Braves : RHP Jeremy Kasten
|
|
Pitching: RHP Jeremy Kasten
|
|
|
Batting: RHB Chris Fruit
|
0-0: Called Strike 0-1: Swinging Strike 0-2: Strikes out swinging
|
|
Batting: SHB Jerry Duffy
|
0-0: Ground out 4-3 (Groundball, 4, EV 95.0 MPH)
|
|
Batting: RHB Nick Garland
|
0-0: DOUBLE (Flyball, 89XD, EV 100.0 MPH)
|
|
Batting: RHB Josh Nelson
|
0-0: Ball 1-0: Called Strike 1-1: Called Strike 1-2: Foul Ball, location: 2F 1-2: Strikes out swinging
|
| Top of the 1st over - 0 runs, 1 hit, 0 errors, 1 left on base; Wisconsin 0 - Atlanta (MID) 0 |
| BOTTOM OF THE 1ST |
|
Atlanta (MID) Braves batting - Pitching for Wisconsin Timber Rattlers : RHP Zachery Waff
|
|
Pitching: RHP Zachery Waff
|
|
|
Batting: RHB Hisayuki Akiyama
|
0-0: Called Strike 0-1: Ground out 5-3 (Groundball, 56S, EV 86.9 MPH)
|
|
Batting: RHB Joe Young
|
0-0: Called Strike 0-1: Ball 1-1: Swinging Strike 1-2: Foul Ball, location: 2F 1-2: Fly out, F4 (Popup, 4, EV 61.9 MPH)
|
|
Batting: LHB Erik Gretzky
|
0-0: Called Strike 0-1: Ground out 1-3 (Groundball, 34S, EV 61.2 MPH)
|
| Bottom of the 1st over - 0 runs, 0 hits, 0 errors, 0 left on base; Wisconsin 0 - Atlanta (MID) 0 |
| TOP OF THE 2ND |
|
Wisconsin Timber Rattlers batting - Pitching for Atlanta (MID) Braves : RHP Jeremy Kasten
|
|
Batting: LHB Paul Collins
|
0-0: Ball 1-0: Called Strike 1-1: Swinging Strike 1-2: Ball 2-2: Foul Ball, location: 2F 2-2: Fly out, F8 (Flyball, 78S, EV 90.6 MPH)
|
|
Batting: SHB Craig Wright
|
0-0: Called Strike 0-1: Ball 1-1: Ball 2-1: Called Strike 2-2: Strikes out swinging
|
|
Batting: LHB Sal Burgos
|
0-0: Ball 1-0: Ball 2-0: Ball 3-0: Called Strike 3-1: Fly out, F8 (Flyball, 8LD, EV 88.1 MPH)
|
| Top of the 2nd over - 0 runs, 0 hits, 0 errors, 0 left on base; Wisconsin 0 - Atlanta (MID) 0 |
| BOTTOM OF THE 2ND |
|
Atlanta (MID) Braves batting - Pitching for Wisconsin Timber Rattlers : RHP Zachery Waff
|
|
Batting: SHB Richello Badua
|
0-0: Called Strike 0-1: Ball 1-1: SINGLE (Groundball, 6M, EV 105.6 MPH)
|
|
Batting: LHB Ben Goldstein
|
0-0: Ball 1-0: Ball 2-0: Swinging Strike 2-1: Called Strike Richello Badua steals 2nd base 2-2: Foul Ball, location: 2F 2-2: Ball 3-2: SINGLE (Groundball, 4D, EV 101.2 MPH) Richello Badua to third
|
|
Batting: RHB Jose Ramos
|
0-0: Called Strike 0-1: Foul Ball, location: 2F 0-2: Ball 1-2: Strikes out swinging
|
|
Batting: RHB Josh McCormick
|
0-0: Called Strike 0-1: Grounds into double play, 4-6-3 (Groundball, 4, EV 85.0 MPH)
|
| Bottom of the 2nd over - 0 runs, 2 hits, 0 errors, 1 left on base; Wisconsin 0 - Atlanta (MID) 0 |
| TOP OF THE 3RD |
|
Wisconsin Timber Rattlers batting - Pitching for Atlanta (MID) Braves : RHP Jeremy Kasten
|
|
Batting: RHB Jonathan Sarles
|
0-0: Called Strike 0-1: Foul Ball, location: 2F 0-2: Ground out 5-3 (Groundball, 5S, EV 66.2 MPH)
|
|
Batting: SHB Ramon Perez
|
0-0: Called Strike 0-1: Ball 1-1: Ball 2-1: Swinging Strike 2-2: Foul Ball, location: 2F 2-2: Ball 3-2: Foul Ball, location: 2F 3-2: Strikes out swinging
|
|
Batting: RHB Chris Fruit
|
0-0: Ball 1-0: Ball 2-0: Ball 3-0: Foul Ball, location: 2F 3-1: Called Strike 3-2: Strikes out swinging
|
| Top of the 3rd over - 0 runs, 0 hits, 0 errors, 0 left on base; Wisconsin 0 - Atlanta (MID) 0 |
| BOTTOM OF THE 3RD |
|
Atlanta (MID) Braves batting - Pitching for Wisconsin Timber Rattlers : RHP Zachery Waff
|
|
Batting: RHB Badr al Din Ridha
|
0-0: Ball 1-0: Called Strike 1-1: Foul Ball, location: 2F 1-2: Strikes out swinging
|
|
Batting: RHB Ingidayehu Lagat
|
0-0: Foul Ball, location: 2F 0-1: SINGLE (Groundball, 56D, EV 99.4 MPH)
|
|
Batting: RHB Hisayuki Akiyama
|
0-0: Ball 1-0: Swinging Strike 1-1: Ball 2-1: Ball 3-1: Called Strike 3-2: Fielders Choice at 2nd, 6-4 (Groundball, 6M, EV 80.6 MPH)
|
|
Batting: RHB Joe Young
|
0-0: Ball Hisayuki Akiyama steals 2nd base 1-0: Foul Ball, location: 2F 1-1: Called Strike 1-2: Ball 2-2: SINGLE (Line Drive, 9S, EV 105.6 MPH) Hisayuki Akiyama to third Runner from 3rd tries for Home, SAFE, throw by RF to home
|
|
Batting: LHB Erik Gretzky
|
0-0: Called Strike Joe Young steals 2nd base 0-1: Foul Ball, location: 2F 0-2: Ball 1-2: Foul Ball, location: 2F 1-2: Ball 2-2: Ball 3-2: Foul Ball, location: 2F 3-2: Foul Ball, location: 2F 3-2: Foul Ball, location: 2F 3-2: Ground out U3 (Groundball, 34, EV 88.1 MPH)
|
| Bottom of the 3rd over - 1 run, 2 hits, 0 errors, 1 left on base; Wisconsin 0 - Atlanta (MID) 1 |
| TOP OF THE 4TH |
|
Wisconsin Timber Rattlers batting - Pitching for Atlanta (MID) Braves : RHP Jeremy Kasten
|
|
Batting: SHB Jerry Duffy
|
0-0: Swinging Strike 0-1: SINGLE (Groundball, 5D, EV 98.8 MPH)
|
|
Batting: RHB Nick Garland
|
0-0: Called Strike 0-1: Ball 1-1: SINGLE (Flyball, 4MD, EV 88.1 MPH) Jerry Duffy to second
|
|
Batting: RHB Josh Nelson
|
0-0: Swinging Strike 0-1: Ball Passed Ball! Jerry Duffy to third Nick Garland to second 1-1: Ball 2-1: Foul Ball, location: 2F 2-2: Ball 3-2: SINGLE (Line Drive, 9S, EV 102.5 MPH) Jerry Duffy scores Nick Garland to third
|
|
Batting: LHB Paul Collins
|
0-0: Foul Ball, location: 2F 0-1: Called Strike 0-2: Ball 1-2: Ball 2-2: Ball 3-2: SINGLE (Line Drive, 5D, EV 98.8 MPH) Nick Garland scores Josh Nelson to second
|
|
Batting: SHB Craig Wright
|
0-0: Fielders Choice at 2nd, 4-6 (Groundball, 4, EV 88.8 MPH) Josh Nelson to third
|
|
Batting: LHB Sal Burgos
|
0-0: Called Strike 0-1: Called Strike 0-2: Ball 1-2: Foul Ball, location: 2F 1-2: Foul Ball, location: 2F 1-2: Strikes out swinging
|
|
Batting: RHB Jonathan Sarles
|
0-0: Called Strike 0-1: Ball 1-1: Foul Ball, location: 2F 1-2: Strikes out swinging
|
| Top of the 4th over - 2 runs, 4 hits, 0 errors, 2 left on base; Wisconsin 2 - Atlanta (MID) 1 |
| BOTTOM OF THE 4TH |
|
Atlanta (MID) Braves batting - Pitching for Wisconsin Timber Rattlers : RHP Zachery Waff
|
|
Batting: SHB Richello Badua
|
0-0: Ball 1-0: Called Strike 1-1: Ground out 5-3 (Groundball, 5, EV 103.8 MPH)
|
|
Batting: LHB Ben Goldstein
|
0-0: Ball 1-0: Swinging Strike 1-1: Ball 2-1: Called Strike 2-2: Ball 3-2: Strikes out swinging
|
|
Batting: RHB Jose Ramos
|
0-0: Fly out, F8 (Flyball, 8RS, EV 88.8 MPH)
|
| Bottom of the 4th over - 0 runs, 0 hits, 0 errors, 0 left on base; Wisconsin 2 - Atlanta (MID) 1 |
| TOP OF THE 5TH |
|
Wisconsin Timber Rattlers batting - Pitching for Atlanta (MID) Braves : RHP Jeremy Kasten
|
|
Batting: SHB Ramon Perez
|
0-0: Fly out, F9 (Flyball, 9S, EV 84.4 MPH)
|
|
Batting: RHB Chris Fruit
|
0-0: Ball 1-0: Foul Ball, location: 2F 1-1: Swinging Strike 1-2: Foul Ball, location: 2F 1-2: Foul Ball, location: 2F 1-2: Foul Ball, location: 2F 1-2: Fly out, F4 (Popup, 4M, EV 76.9 MPH)
|
|
Batting: SHB Jerry Duffy
|
0-0: Ball 1-0: Ball 2-0: Foul Ball, location: 2F 2-1: Swinging Strike 2-2: Strikes out swinging
|
| Top of the 5th over - 0 runs, 0 hits, 0 errors, 0 left on base; Wisconsin 2 - Atlanta (MID) 1 |
| BOTTOM OF THE 5TH |
|
Atlanta (MID) Braves batting - Pitching for Wisconsin Timber Rattlers : RHP Zachery Waff
|
|
Batting: RHB Josh McCormick
|
0-0: Ball 1-0: Ball 2-0: SINGLE (Groundball, 6MD, EV 103.8 MPH)
|
|
Batting: RHB Badr al Din Ridha
|
0-0: Fielders Choice at 2nd, 5-4 (Groundball, 56S, EV 86.2 MPH)
|
|
Batting: RHB Ingidayehu Lagat
|
0-0: Ball 1-0: Fielders Choice at 2nd, 6-4 (Groundball, 6, EV 86.9 MPH)
|
|
Batting: RHB Hisayuki Akiyama
|
0-0: Swinging Strike 0-1: Foul Ball, location: 2F 0-2: Fielders Choice at 2nd, 6-4 (Groundball, 6, EV 106.9 MPH)
|
| Bottom of the 5th over - 0 runs, 1 hit, 0 errors, 1 left on base; Wisconsin 2 - Atlanta (MID) 1 |
| TOP OF THE 6TH |
|
Wisconsin Timber Rattlers batting - Pitching for Atlanta (MID) Braves : RHP Jeremy Kasten
|
|
Batting: RHB Nick Garland
|
0-0: Fly out, F8 (Flyball, 8RM, EV 95.6 MPH)
|
|
Batting: RHB Josh Nelson
|
0-0: Ball 1-0: Ground out 6-3 (Groundball, 6, EV 106.2 MPH)
|
|
Batting: LHB Paul Collins
|
0-0: Ball 1-0: DOUBLE (Line Drive, 9LS, EV 101.2 MPH)
|
|
Batting: SHB Craig Wright
|
0-0: Ball 1-0: Swinging Strike 1-1: Foul Ball, location: 2F 1-2: Ball 2-2: Ball 3-2: Foul Ball, location: 2F 3-2: SINGLE (Line Drive, 7S, EV 92.5 MPH) Paul Collins to third
|
|
Batting: LHB Sal Burgos
|
0-0: Called Strike 0-1: Swinging Strike Passed Ball! Paul Collins scores Craig Wright to second 0-2: Strikes out swinging
|
| Top of the 6th over - 1 run, 2 hits, 0 errors, 1 left on base; Wisconsin 3 - Atlanta (MID) 1 |
| BOTTOM OF THE 6TH |
|
Atlanta (MID) Braves batting - Pitching for Wisconsin Timber Rattlers : RHP Zachery Waff
|
|
Batting: RHB Joe Young
|
0-0: Foul Ball, location: 2F 0-1: Ball 1-1: Ball 2-1: Ground out 6-3 (Groundball, 6, EV 86.2 MPH)
|
|
Batting: LHB Erik Gretzky
|
0-0: Ball 1-0: Called Strike 1-1: Called Strike 1-2: Foul Ball, location: 2F 1-2: SOLO HOME RUN (Flyball, 9D, EV 95.0 MPH), Distance : 365 ft
|
|
Batting: SHB Richello Badua
|
0-0: Swinging Strike 0-1: Swinging Strike 0-2: Foul Ball, location: 2F 0-2: Ball 1-2: Foul Ball, location: 2F 1-2: SINGLE (Line Drive, 6D, EV 100.6 MPH)
|
|
Pitching: LHP John Miller
|
|
|
Batting: LHB Ben Goldstein
|
0-0: Ball 1-0: Ball 2-0: Foul Ball, location: 2F 2-1: SINGLE (Groundball, 4MD, EV 108.1 MPH) Richello Badua to second Runner from 2nd tries for 3rd, SAFE, throw by CF made to third
|
|
Batting: RHB Jose Ramos
|
0-0: Ball 1-0: Called Strike 1-1: Swinging Strike 1-2: Ball 2-2: Foul Ball, location: 2F 2-2: Strikes out swinging
|
|
Batting: RHB Josh McCormick
|
0-0: Ball 1-0: Fielders Choice at 2nd, 6-4 (Groundball, 6, EV 81.9 MPH)
|
| Bottom of the 6th over - 1 run, 3 hits, 0 errors, 2 left on base; Wisconsin 3 - Atlanta (MID) 2 |
| TOP OF THE 7TH |
|
Wisconsin Timber Rattlers batting - Pitching for Atlanta (MID) Braves : RHP Jeremy Kasten
|
|
Batting: RHB Jonathan Sarles
|
0-0: Ball 1-0: Ball 2-0: Foul Ball, location: 2F 2-1: Ball 3-1: Fly out, F7 (Line Drive, 7, EV 103.1 MPH)
|
|
Batting: SHB Ramon Perez
|
0-0: Swinging Strike 0-1: Foul Ball, location: 2F 0-2: Ball 1-2: Foul Ball, location: 2F 1-2: SOLO HOME RUN (Flyball, 9LD, EV 91.9 MPH), Distance : 342 ft
|
|
Batting: RHB Chris Fruit
|
0-0: Ball 1-0: Foul Ball, location: 2F 1-1: Ball 2-1: Foul Ball, location: 2F 2-2: SINGLE (Flyball, 3D, EV 88.8 MPH)
|
|
Pitching: RHP Wami Benthami
|
|
|
Batting: SHB Jerry Duffy
|
0-0: Swinging Strike 0-1: Swinging Strike 0-2: Ball 1-2: Strikes out swinging
|
|
Batting: RHB Nick Garland
|
0-0: Fly out, F9 (Flyball, 9D, EV 83.1 MPH)
|
| Top of the 7th over - 1 run, 2 hits, 0 errors, 1 left on base; Wisconsin 4 - Atlanta (MID) 2 |
| BOTTOM OF THE 7TH |
|
Atlanta (MID) Braves batting - Pitching for Wisconsin Timber Rattlers : LHP John Miller
|
|
Pitching: RHP Guillermo Delgado
|
|
|
Batting: RHB Badr al Din Ridha
|
0-0: Ball 1-0: Called Strike 1-1: Foul Ball, location: 2F 1-2: Foul Ball, location: 2F 1-2: Foul Ball, location: 2F 1-2: Ball 2-2: Ball 3-2: Base on Balls
|
|
Batting: RHB Ingidayehu Lagat
|
0-0: Ball Badr al Din Ridha steals 2nd base 1-0: Ball 2-0: Ball 3-0: Called Strike 3-1: Ground out U3 (Groundball, 3L, EV 108.8 MPH) Badr al Din Ridha to third
|
|
Batting: RHB Hisayuki Akiyama
|
0-0: Ball 1-0: Ball 2-0: Ball 3-0: Called Strike 3-1: Foul Ball, location: 2F 3-2: Foul Ball, location: 2F 3-2: Strikes out looking
|
|
Batting: RHB Joe Young
|
0-0: Ball 1-0: Ball 2-0: Ground out 5-3 (Groundball, 56, EV 78.1 MPH)
|
| Bottom of the 7th over - 0 runs, 0 hits, 0 errors, 1 left on base; Wisconsin 4 - Atlanta (MID) 2 |
| TOP OF THE 8TH |
|
Wisconsin Timber Rattlers batting - Pitching for Atlanta (MID) Braves : RHP Wami Benthami
|
|
Batting: RHB Josh Nelson
|
0-0: Fly out, F8 (Line Drive, 8RM, EV 92.5 MPH)
|
|
Batting: LHB Paul Collins
|
0-0: Swinging Strike 0-1: Foul Ball, location: 2F 0-2: Strikes out swinging
|
|
Batting: SHB Craig Wright
|
0-0: Called Strike 0-1: Ground out 6-3 (Groundball, 6, EV 86.9 MPH)
|
| Top of the 8th over - 0 runs, 0 hits, 0 errors, 0 left on base; Wisconsin 4 - Atlanta (MID) 2 |
| BOTTOM OF THE 8TH |
|
Atlanta (MID) Braves batting - Pitching for Wisconsin Timber Rattlers : RHP Guillermo Delgado
|
|
Pitching: RHP Dan Patino
|
|
|
Batting: LHB Erik Gretzky
|
0-0: Ball 1-0: Foul Ball, location: 2F 1-1: Swinging Strike 1-2: Foul Ball, location: 2F 1-2: Strikes out looking
|
|
Batting: SHB Richello Badua
|
0-0: Swinging Strike 0-1: Foul Ball, location: 2F 0-2: Ball 1-2: Foul Ball, location: 2F 1-2: Ball 2-2: Ball 3-2: Foul Ball, location: 2F 3-2: DOUBLE (Groundball, 3L, EV 108.8 MPH)
|
|
Batting: LHB Ben Goldstein
|
0-0: Fly out, F8 (Line Drive, 8RM, EV 103.8 MPH)
|
|
Batting: RHB Jose Ramos
|
0-0: Ball 1-0: Called Strike 1-1: Swinging Strike 1-2: Strikes out swinging
|
| Bottom of the 8th over - 0 runs, 1 hit, 0 errors, 1 left on base; Wisconsin 4 - Atlanta (MID) 2 |
| TOP OF THE 9TH |
|
Wisconsin Timber Rattlers batting - Pitching for Atlanta (MID) Braves : RHP Wami Benthami
|
|
Pitching: LHP Steve Young
|
|
|
Batting: LHB Sal Burgos
|
0-0: Fly out, F9 (Flyball, 89M, EV 91.9 MPH)
|
|
Batting: RHB Jonathan Sarles
|
0-0: SINGLE (Line Drive, 3D, EV 106.9 MPH)
|
|
Batting: SHB Ramon Perez
|
0-0: Ball 1-0: Ball 2-0: Foul Ball, location: 2F 2-1: Fielders Choice at 2nd, 4-6 (Groundball, 4, EV 86.9 MPH)
|
|
Batting: RHB Chris Fruit
|
0-0: Fly out, F7 (Flyball, 78M, EV 88.1 MPH)
|
| Top of the 9th over - 0 runs, 1 hit, 0 errors, 1 left on base; Wisconsin 4 - Atlanta (MID) 2 |
| BOTTOM OF THE 9TH |
|
Atlanta (MID) Braves batting - Pitching for Wisconsin Timber Rattlers : RHP Dan Patino
|
|
Pitching: RHP Zach Green
|
|
|
Batting: RHB Josh McCormick
|
0-0: Ball 1-0: Swinging Strike 1-1: Ball 2-1: Ground out 3-1 (Groundball, 34, EV 101.9 MPH)
|
|
Batting: RHB Badr al Din Ridha
|
0-0: Ball 1-0: Ground out 6-3 (Groundball, 56, EV 104.4 MPH)
|
|
Batting: RHB Ingidayehu Lagat
|
0-0: Ball 1-0: Called Strike 1-1: Called Strike 1-2: Strikes out looking
|
| Bottom of the 9th over - 0 runs, 0 hits, 0 errors, 0 left on base; Wisconsin 4 - Atlanta (MID) 2 |
|